 Dungeon Crawl Stone Soup version 0.27.1-34-g3ba077fa99 (webtiles) character file.

Game seed: 6546370426671283988

21 DungeonDestroyer the Ducker (level 2, 29/29 HPs)
             Began as a Troll Fighter on Aug 10, 2021.
             Got out of the dungeon alive.
             The game lasted 00:02:20 (967 turns).

DungeonDestroyer the Ducker (Troll Fighter)          Turns: 967, Time: 00:02:21

Health: 29/29      AC:  4    Str: 23    XL:     2   Next: 65%
Magic:  1/1        EV:  8    Int:  4    God:
Gold:   36         SH:  8    Dex:  9    Spells: 1/1 levels left

rFire    . . .     SeeInvis .     - Unarmed
rCold    . . .     Faith    .   b - +0 kite shield
rNeg     . . .     Spirit   .   a - +0 robe
rPois    .         Reflect  .   (helmet restricted)
rElec    .         Harm     .   (no cloak)
rCorr    .         Rampage  .   (gloves unavailable)
Will     .....                  (boots unavailable)
Stlth    +.........             (no amulet)
HPRegen  1.09/turn              (no ring)
MPRegen  0.07/turn              (no ring)

@: no status effects
A: large, unfitting armour, claws 3, regeneration 1, shaggy fur 1, tough skin 1
a: no special abilities


You escaped.
You visited 1 branch of the dungeon, and saw 1 of its levels.

You collected 36 gold pieces.

Inventory:

Missiles
 e - 4 silver javelins (quivered)
Armour
 a - a +0 robe (worn)
 b - a +0 kite shield (worn)
Potions
 c - a potion of might


   Skills:
 + Level 2.6 Fighting
 + Level 2.7 Dodging
 + Level 2.7 Shields
 + Level 2.2 Unarmed Combat


You had one spell level left.
You didn't know any spells.
Your spell library was empty.

Dungeon Overview and Level Annotations

Branches:
Dungeon (1/15)

Altars:


Innate Abilities, Weirdness & Mutations

You are too large for most types of armour.
You have claws for hands.
Your natural rate of healing is unusually fast.
You are covered in fur. (AC +1)
You have tough skin. (AC +1)


Message History

Done exploring.
Done exploring.
As you read the scroll labelled CETIB CAQEL, it crumbles to dust.
It is a scroll of identify.
You don't have any unidentified items.
You see here 22 arrows.
Okay, then.
Save game and exit? [Y]es or [N]o only, please.
Save game and exit?
Welcome back, DungeonDestroyer the Troll Fighter.
Press ? for a list of commands and other information.
You see here 22 arrows.
You see here a frilled lizard corpse.
There is an open door here.
You see here a rat corpse.
You open the door.
There is an open door here.
Done exploring.
Done exploring.
(D) Dungeon
Where to? (? - help)
Okay, then.
(D) Dungeon
Where to? (? - help)
Okay, then.
(D) Dungeon
Where to? (? - help)
Okay, then.
There is an open door here.
There is an open door here.
(D) Dungeon
Where to? (? - help)
Okay, then.
There is an open door here.
There is an escape hatch in the floor here.
There is a staircase leading out of the dungeon here.
You can't go down here!
Are you sure you want to leave the Dungeon?
This will make you lose the game!
You have escaped!

#...## #.# #.###.#.###.# #.#..#
#.# #.# #..## ##. #....#
#######.##########.###.# ####.#
#.............#.....#.## #.###
#######.############.### #(..#
##...#.#.## ##........
####...####....#.#..####...##.###
..........'....#.#..'.......#.# #
####...####....#@#..####....#.# #
##..# ##...###.## ##.....# # ##.#
##.....## #...### # #.# ##...##
##.## # #.# ######'##### #.######
#.# #..........# #....)..
##.###.##.#..##.# #.######
#...##.##.#..##.######.#
#.#....................#


There were no monsters in sight!

Vanquished Creatures
  3 ball pythons (D:1)
  3 bats (D:1)
  A giant cockroach (D:1)
  2 goblins (D:1)
  2 hobgoblins (D:1)
  3 kobolds (D:1)
  A quokka (D:1)
  2 frilled lizards (D:1)
  3 rats (D:1)
20 creatures vanquished.

Notes
Turn   | Place    | Note
-------+----------+-------------------------------------------
     0 | D:1      | DungeonDestroyer the Troll Fighter began the quest for the
                  | Orb.
     0 | D:1      | Reached XP level 1. HP: 22/22 MP: 0/0
   249 | D:1      | Upgraded the game from 0.27.0-1-g7a089689b8 to
                  | 0.27.1-3-gb3d3a73c9e
   348 | D:1      | Reached XP level 2. HP: 29/29 MP: 1/1
   410 | D:1      | Found a faded altar of an unknown god.
   829 | D:1      | Upgraded the game from 0.27.1-3-gb3d3a73c9e to
                  | 0.27.1-34-g3ba077fa99
   967 | D:$      | Got out of the dungeon alive.

Illustrated notes

Levels and vault maps discovered:
D:1:      lemuel_arrival_cross, layout_loops_corners,
          ebering_ecumenical_altar_rust, serial_park_tiny_2

Action                   || total
-------------------------++-------
Melee: Unarmed           ||    57
  Use: Scroll            ||     3
       Potion            ||     1
Armor: Robe              ||    21
Dodge: Dodged            ||    21
Block: Kite shield       ||    37
